 Dungeon Crawl Stone Soup version 0.25.1-2-g60ff931df9 (webtiles) character file.

Game seed: 15522699332317760301

27 DogServant the Grave Robber (level 2, 0/22 HPs)
             Began as a Mummy Necromancer on Nov 9, 2020.
             Killed from afar by Natasha (6 damage)
             ... with a magic dart
             ... on level 2 of the Dungeon.
             The game lasted 00:02:16 (1616 turns).

DogServant the Grave Robber (Mummy Necromancer)     Turns: 1616, Time: 00:02:17

Health: 0/22       AC:  2    Str: 11    XL:     2   Next: 93%
Magic:  1/5        EV: 12    Int: 14    God:
Gold:   49         SH:  0    Dex: 12    Spells: 4/6 levels left

rFire    x . .     SeeInvis .   i - +0 hunting sling
rCold    + + .     Gourm    .   (no shield)
rNeg     + + +     Faith    .   a - +0 robe
rPois    ∞         Spirit   .   (no helmet)
rElec    .         Reflect  .   (no cloak)
rCorr    .         Harm     .   (no gloves)
MR       .....                  (no boots)
Stlth    ++........             (no amulet)
HPRegen  0.07/turn              c - ring of protection from cold
MPRegen  0.09/turn              (no ring)

@: slowed, very slow
A: no food or potions, fire vulnerability, cold resistance 1, negative energy
resistance 3, torment resistance, unbreathing
a: no special abilities


You were on level 2 of the Dungeon.
You were not hungry.

You visited 1 branch of the dungeon, and saw 2 of its levels.

You collected 49 gold pieces.

Inventory:

Hand Weapons
 g - a +0 short sword
 i - a +0 hunting sling (weapon)
Missiles
 h - 42 stones (quivered)
Armour
 a - a +0 robe (worn)
Magical Staves
 m - an uncursed staff of summoning
Jewellery
 c - a ring of protection from cold (left hand)
Scrolls
 j - a scroll of enchant armour {unknown}
 k - a scroll of identify {unknown}
 l - a scroll of amnesia {unknown}


   Skills:
 + Level 1.7 Fighting
 - Level 1.5 Dodging
 - Level 1.5 Stealth
 - Level 2.6 Spellcasting
 + Level 4.5 Necromancy


You had 4 spell levels left.
You knew the following spells:

 Your Spells              Type           Power        Failure   Level  Hunger
a - Pain                  Necr           ##..         3%          1    N/A
b - Animate Skeleton      Necr           N/A          3%          1    N/A

Your spell library contained the following spells:

 Spells                   Type           Power        Failure   Level  Hunger
 Vampiric Draining        Necr           ##........   11%         3    N/A
 Animate Dead             Necr           N/A          34%         4    N/A
 Agony                    Necr           ##......     67%         5    N/A

Dungeon Overview and Level Annotations

Branches:
Dungeon (2/15)

Altars:

Annotations:
D:2 Natasha


Innate Abilities, Weirdness & Mutations

You do not eat or drink.
Your flesh is vulnerable to fire.
You are immune to poison.
Your flesh is cold resistant. (rC+)
You are immune to negative energy. (rN+++)
You are immune to unholy pain and torment.
You can survive without breathing.


Message History

Aim: Natasha (heavily wounded)
You shoot a stone.
The stone hits Natasha but does no damage.
Natasha is heavily wounded.
Natasha barely misses you. Natasha closely misses you.
Firing (i - inventory)
h - 43 stones (quivered)
Press: ? - help, Shift-Dir - straight line, f/p - Natasha
Aim: Natasha (heavily wounded)
You shoot a stone. The stone closely misses Natasha.
Natasha closely misses you.
Natasha stares at you and mumbles some strange words.
The magic dart hits you!
* * * LOW HITPOINT WARNING * * *
You are too injured to fight recklessly!
As you read the scroll labeled HOBACE MIACLI, it crumbles to dust.
The creatures around you are filled with an inner flame!
It was a scroll of immolation.
Natasha casts a spell at you. The magic dart hits you.
You die...

#...# ###.# #.#
#.# #.# ##
######.# ..
#......#
#.#######.######
#(h@......#
###########


You could see Natasha (inner flame).

Vanquished Creatures
  A worm (D:2)
  3 leopard geckos (D:2)
  3 bats (D:1)
  2 goblins
  3 hobgoblins
  5 kobolds
  4 rats
21 creatures vanquished.

Notes
Turn   | Place    | Note
-------+----------+-------------------------------------------
     0 | D:1      | DogServant the Mummy Necromancer began the quest for the
                  | Orb.
     0 | D:1      | Reached XP level 1. HP: 13/13 MP: 4/4
   300 | D:1      | Reached skill level 1 in Fighting
   447 | D:1      | Reached XP level 2. HP: 21/21 MP: 5/5
   573 | D:1      | Learned a level 1 spell: Animate Skeleton
  1608 | D:2      | Noticed Natasha
  1616 | D:2      | Killed from afar by Natasha

Illustrated notes

Levels and vault maps discovered:
D:1:      dpeg_arrival_arbitrary_c, layout_loops_ring
D:2:      layout_loops_corners, uniq_natasha, uniq_terence

Skill      XL: |  1 |
---------------+----+-----
Fighting       | 1 |  1.7
Dodging        | |  1.5
Stealth        | |  1.5
Spellcasting   | |  2.6
Necromancy     | |  4.5

Action                   || total
-------------------------++-------
Melee: Staff             ||     2
 Fire: Hunting sling     ||    16
 Cast: Pain              ||    42
  Use: Scroll            ||     4
Dodge: Dodged            ||     9
